 Dungeon Crawl Stone Soup version 0.27-a0-887-gcab673c142 (webtiles) character file.

Game seed: 10313783731469297919

76 Hasart the Chopper (level 3, -4/29 HPs)
             Began as a Demigod Gladiator on Apr 4, 2021.
             Killed from afar by Grinder (9 damage)
             ... with a puff of flame
             ... on level 3 of the Dungeon.
             The game lasted 00:03:49 (2075 turns).

Hasart the Chopper (Demigod Gladiator)              Turns: 2075, Time: 00:03:50

Health: -4/29      AC:  6    Str: 19    XL:     3   Next: 89%
Magic:  5/5        EV: 12    Int: 13    God:
Gold:   11         SH:  4    Dex: 15    Spells: 2/2 levels left

rFire    . . .     SeeInvis .   a - +1 war axe
rCold    . . .     Faith    .   f - +0 buckler
rNeg     . . .     Spirit   .   b - +0 leather armour
rPois    .         Reflect  .   g - +1 helmet {Int+3}
rElec    .         Harm     .   (no cloak)
rCorr    .         Rampage  .   (no gloves)
Will     .....                  p - +0 pair of boots
Stlth    +.........             (no amulet)
HPRegen  0.09/turn              (no ring)
MPRegen  0.09/turn              (no ring)

@: no status effects
A: high mp 1, forlorn
a: no special abilities


You were on level 3 of the Dungeon.
You visited 1 branch of the dungeon, and saw 3 of its levels.

You collected 50 gold pieces.
You spent 39 gold pieces at shops.

Inventory:

Hand Weapons
 a - a +1 war axe (weapon)
Missiles
 d - 3 throwing nets
 i - 2 boomerangs (quivered)
Armour
 b - a +0 leather armour (worn)
 f - a +0 buckler (worn)
 g - a +1 helmet of intelligence (worn)
 p - a +0 pair of boots (worn)
Scrolls
 h - a scroll of acquirement {unknown}
 l - a scroll of torment {unknown}
 m - 2 scrolls of teleportation
Potions
 c - a potion of brilliance {unknown}
 e - a potion of might {unknown}
 j - 2 potions of haste {unknown}
 k - a potion of mutation {unknown}
 n - a potion of curing {unknown}
 o - a potion of flight {unknown}


   Skills:
 - Level 1.7 Fighting
 * Level 3.8 Axes
 + Level 2.5 Throwing
 - Level 2.6 Dodging
 + Level 1.1 Shields


You had 2 spell levels left.
You didn't know any spells.
Your spell library was empty.

Dungeon Overview and Level Annotations

Branches:
Dungeon (3/15)

Shops:
D:2 *:

Annotations:
D:3 Grinder


Innate Abilities, Weirdness & Mutations

Your attributes grow dramatically as you level up.
You have an increased reservoir of magic. (+10% MP)
You shall have no god before yourself.


Message History

Press: ? - help, Q - select action, (/) - cycle Shift-Dir - straight line, f - Grinder
Aim: Grinder, carrying a wand of flame (17) (55% to hit)
You throw a boomerang. The boomerang hits Grinder.
Grinder is lightly wounded.
Unknown command.
Unknown command.
Throw: 3 boomerangs
Press: ? - help, Q - select action, (/) - cycle Shift-Dir - straight line, f/p - Grinder
Aim: Grinder, carrying a wand of flame (17) (lightly wounded, 55% to hit)
You throw a boomerang. The boomerang closely misses Grinder.
Grinder gestures at you.
You suddenly lose the ability to move!
Grinder says, "At least Makhleb appreciates what I'm doing."
Grinder blinks!
Grinder says, "What is the universe for?"
Grinder zaps a wand.
The puff of flame hits you!
You can move again.
Unknown command.
Unknown command.
Throw: 2 boomerangs
Press: ? - help, Q - select action, (/) - cycle Shift-Dir - straight line, f/p - Grinder
Aim: Grinder, carrying a wand of flame (16) (lightly wounded, 55% to hit)
You throw a boomerang. The boomerang hits Grinder!
Grinder is moderately wounded.
Grinder zaps a wand.
The puff of flame hits you. Grinder gestures at you.
You suddenly lose the ability to move!
Grinder zaps a wand.
The puff of flame hits you but does no damage.
Grinder hits you but does no damage.
Grinder zaps a wand.
The puff of flame hits you!
* * * LOW HITPOINT WARNING * * *
You can move again.
Unknown command.
Unknown command.
You closely miss Grinder.
Grinder is moderately wounded.
Grinder says, "I used to sell toenails on the black market."
Grinder closely misses you.
Grinder zaps a wand.
The puff of flame hits you!
You die...

## ############# ..
#.........#.# .#
###..........# J.
#....#####.#.#.#####
#.##.#.............#
#.##.#.###.#.#.###.#
####..#@#.......# #
.......5..........
#####...#.#.....#.#
.....#.#.##......#
......#.#....#.....
......#.############
......#.# ..... #.#
.... #.#


You could see Grinder.

Vanquished Creatures
  A gnoll (D:1)
  2 adders (D:2)
  2 worms (D:2)
  A dart slug (D:1)
  An orc (D:2)
  A ball python (D:2)
  7 bats
  3 endoplasms
  2 giant cockroaches
  4 hobgoblins
  5 kobolds
  A quokka (D:1)
  6 frilled lizards
  A goblin (D:1)
  3 rats (D:1)
40 creatures vanquished.

Vanquished Creatures (others)
  19 plants (D:2)
19 creatures vanquished.

Grand Total: 59 creatures vanquished

Notes
Turn   | Place    | Note
-------+----------+-------------------------------------------
     0 | D:1      | Hasart the Demigod Gladiator began the quest for the Orb.
     0 | D:1      | Reached XP level 1. HP: 17/17 MP: 3/3
   191 | D:1      | Reached skill level 3 in Axes
   332 | D:1      | Reached XP level 2. HP: 24/24 MP: 4/4
   676 | D:1      | Reached XP level 3. HP: 29/29 MP: 5/5
  1394 | D:2      | Reached skill level 1 in Shields
  1480 | D:2      | Found Ytaonk's Book Shoppe.
  1853 | D:2      | Found Sowkiz's General Store.
  1861 | D:2      | Bought a scroll of teleportation for 39 gold pieces
  2051 | D:3      | Noticed Grinder
  2061 | D:3      | Paralysed by Grinder for 6 turns
  2069 | D:3      | Paralysed by Grinder for 6 turns
  2075 | D:3      | Killed from afar by Grinder

Illustrated notes

Levels and vault maps discovered:
D:1:      evilmike_arrival_fibonacci_small, layout_basic
D:2:      layout_basic, serial_shops, nicolae_shop_trees, shop, serial_bayou,
          serial_bayou_pond_a, serial_bayou_pond_b, serial_bayou_lagoon_a,
          serial_bayou_shore_b, basic_ecumenical_altar
D:3:      layout_basic, yredelemnul_forgotten_temple_becter,
          nemelex_dance_club_becter, lemuel_crystal_altar, uniq_grinder

Skill      XL: |  1  2  3 |
---------------+----------+-----
Axes           | 3 |  3.8
Throwing       | 2 |  2.5
Shields        | 1 |  1.1
Fighting       | |  1.7
Dodging        | |  2.6

Action                   || total
-------------------------++-------
Melee: War axe           ||    97
Throw: Throwing net      ||     2
       Boomerang         ||    14
  Use: Scroll            ||     3
 Stab: Sleeping          ||     1
Armor: Leather armour    ||    32
Dodge: Dodged            ||    72
Block: Buckler           ||    12

Table legend: (Time is in decaauts)
 A = Elapsed time spent in this place.
 B = Non-inter-level travel time spent in this place.
 C = Inter-level travel time spent in this place.
 D = Time resting spent in this place.
 E = Time spent auto-exploring this place.
 F = Levels seen in this place.
 G = Mean time per level.
                   A        B        C        D        E       F      G
               +--------+--------+--------+--------+--------+-----+--------+
         Total |   2131 |   2057 |     74 |    165 |   1467 |   3 |  710.3 |
       Dungeon |   2131 |   2057 |     74 |    165 |   1467 |   3 |  710.3 |
               +--------+--------+--------+--------+--------+-----+--------+

Top non-repeatable levels by time:
     D:2: 1047 daAuts
     D:1: 1027 daAuts
     D:3: 57 daAuts
